 Dungeon Crawl Stone Soup version 0.18.1-8-gdd0e5ea (webtiles) character file.

295 multipassport the Chiller (level 6, -1/41 HPs)
             Began as a Merfolk Ice Elementalist on June 9, 2016.
             Was an Initiate of Vehumet.
             Slain by ReniFell's ghost (8 damage)
             ... on level 4 of the Dungeon.
             The game lasted 00:14:43 (2869 turns).

multipassport the Chiller (MfIE)                    Turns: 2869, Time: 00:14:44

Health: -1/41      AC:  4    Str:  8    XL:     6   Next: 34%
Magic:  4/11       EV:  9    Int: 17    God:    Vehumet [......]
Gold:   178        SH:  0    Dex: 14    Spells: 3 memorised, 6 levels left

rFire  . . .     SeeInvis .     j - +2 dagger (drain)
rCold  . . .     Gourm    .     a - +0 robe
rNeg   . . .     Faith    .     (no shield)
rPois  .         Spirit   .     p - +0 helmet
rElec  .         Dismiss  .     (no cloak)
rCorr  .         Reflect  .     (no gloves)
SustAt .         Harm     .     s - +0 pair of boots
MR     .....                    (no amulet)
Stlth  ++........               (no ring)
                                (no ring)

@: not resistant to hostile enchantments, unstealthy
A: change form in water, swift swim
a: Renounce Religion


You were on level 4 of the Dungeon.
You worshipped Vehumet.
Vehumet was noncommittal.
You were not hungry.

You visited 1 branch of the dungeon, and saw 4 of its levels.

You collected 178 gold pieces.

Inventory:

Hand Weapons
 j - a +2 dagger of draining (weapon)
 w - a +2 trident of venom
Armour
 a - a +0 robe (worn)
 p - a +0 helmet (worn)
 s - a +0 pair of boots (worn)
Jewellery
 k - an uncursed amulet of harm
 u - a cursed ring of loudness {unknown}
 y - an uncursed ring of protection from magic {unknown}
Scrolls
 d - a scroll of immolation {unknown}
 e - 4 scrolls of identify {unknown}
 f - a scroll of teleportation {unknown}
 g - a scroll of recharging {unknown}
 h - a scroll of fear {unknown}
 l - a scroll of random uselessness {unknown}
 n - a scroll of noise {unknown}
 o - a scroll of enchant armour {unknown}
 r - a scroll of fog {unknown}
Potions
 i - a potion of berserk rage {unknown}
 m - a potion of might {unknown}
 t - a potion of heal wounds {unknown}
 v - a potion of curing {unknown}
 z - a potion of haste {unknown}
Books
 b - a book of Frost

   Spells                             Type                      Level
   a - Freeze                         Ice                          1
   b - Throw Frost                    Conjuration/Ice              2
   c - Ozocubu's Armour               Charms/Ice                   3
   d - Throw Icicle                   Conjuration/Ice              4
   e - Summon Ice Beast               Ice/Summoning                4
Comestibles
 c - 5 bread rations
 q - 10 fruits
 x - a meat ration


   Skills:
 + Level 5.0 Dodging
 - Level 2.1 Stealth
 + Level 3.7 Spellcasting
 + Level 1.1 Conjurations
 + Level 0.4 Charms
 + Level 5.1 Ice Magic


You had 6 spell levels left.
You knew the following spells:

 Your Spells              Type           Power        Failure   Level  Hunger
a - Freeze                Ice            ###.         1%          1    None
b - Throw Frost           Conj/Ice       ##....       10%         2    ##.....
c - Ozocubu's Armour      Chrm/Ice       ##......     17%         3    ###....


Dungeon Overview and Level Annotations

Branches:
Dungeon (4/15)             Temple (0/1) D:4

Altars:
Gozag
Vehumet
Zin

Annotations:
D:4 ReniFell's ghost, novice FoFi


Message History

ReniFell's ghost hits you!
Casting: Freeze
Confirm with . or Enter, or press ? or * to list all spells.
Aiming: Freeze
Press: ? - help, Shift-Dir - straight line, f/p - ReniFell's ghost
Aim: ReniFell's ghost (lightly damaged)
You freeze ReniFell's ghost.
ReniFell's ghost is lightly damaged.
ReniFell's ghost hits you!
Casting: Freeze
Confirm with . or Enter, or press ? or * to list all spells.
Aiming: Freeze
Press: ? - help, Shift-Dir - straight line, f/p - ReniFell's ghost
Aim: ReniFell's ghost (lightly damaged)
You freeze ReniFell's ghost.
ReniFell's ghost is moderately damaged.
ReniFell's ghost hits you!
* * * LOW HITPOINT WARNING * * *
ReniFell's ghost hits you!
You die...

#...#.#.#.#.#
#.#..#.#.#..#
#.#...#.#...#
###.#.........#
#)[.....##.####
###)###..###.#######
#.# #...# #.##
#....W..# #.#
#.#.###.# #######.#
#.# #.#..@W.# #.# ##
#.# #.####### #.#
#.# #.# #.# #W# ##
#.##.####.# #.#
..###........# #.#
.#.#........#######
#.#
#.#.###.###........
#.# #.## #.#
######### ........#
#.# #.# .W..#####


You could see ReniFell's ghost.

Vanquished Creatures
  A hound (D:3)
  An orc priest (D:4)
  An orc wizard (D:4)
  4 gnolls (D:3)
  8 adders
  An ooze (D:3)
  A worm (D:2)
  3 dart slugs
  3 giant geckos
  10 orcs
  7 bats
  4 giant cockroaches
  6 goblins
  8 hobgoblins
  7 jackals
  7 kobolds
  6 rats
78 creatures vanquished.

Notes
Turn   | Place    | Note
--------------------------------------------------------------
     0 | D:1      | multipassport the Merfolk Ice Elementalist began the quest for the Orb.
     0 | D:1      | Reached XP level 1. HP: 13/13 MP: 3/3
   413 | D:1      | Reached XP level 2. HP: 16/19 MP: 5/5
   660 | D:2      | Reached XP level 3. HP: 18/24 MP: 2/6
  1019 | D:2      | Reached XP level 4. HP: 20/30 MP: 5/8
  1870 | D:3      | Reached XP level 5. HP: 31/35 MP: 5/9
  2086 | D:3      | Found a glowing silver altar of Zin.
  2384 | D:3      | Found an opulent altar of Gozag.
  2442 | D:3      | Reached skill level 5 in Ice Magic
  2540 | D:3      | Found a radiant altar of Vehumet.
  2550 | D:3      | Reached XP level 6. HP: 31/41 MP: 11/11
  2559 | D:3      | Became a worshipper of Vehumet
  2563 | D:3      | Learned a level 2 spell: Throw Frost
  2567 | D:3      | Learned a level 3 spell: Ozocubu's Armour
  2727 | D:4      | Found a staircase to the Ecumenical Temple.
  2744 | D:4      | Reached skill level 1 in Conjurations
  2751 | D:4      | Reached skill level 5 in Dodging
  2838 | D:4      | Noticed ReniFell's ghost (novice FoFi)
  2869 | D:4      | Slain by ReniFell's ghost

Skill      XL: |  1  2  3  4  5  6 |
---------------+-------------------+-----
Dodging        | 3 4 5 |  5.0
Ice Magic      | 4 5 |  5.1
Spellcasting   | 3 |  3.7
Conjurations   | 1 |  1.1
Stealth        | |  2.1
Charms         | |  0.4

Action                   |  1- 3 |  4- 6 || total
-------------------------+-------+-------++-------
Melee: Dagger            |    61 |    98 ||   159
 Cast: Freeze            |    18 |    48 ||    66
       Throw Frost       |       |     6 ||     6
 Stab: Sleeping          |     2 |     5 ||     7
  Eat: Chunk             |       |     7 ||     7
Armor: Robe              |    23 |    25 ||    48
Dodge: Dodged            |    56 |    94 ||   150
